[Event "FIDE WY-U16 Olympiad 2022"]
[Site "Nakhchivan"]
[Date "2022.10.05"]
[Round "4.11"]
[White "Suyarov, Mukhammadzokhid"]
[Black "Safarov, Deniel"]
[Result "1-0"]
[ECO "A45"]
[WhiteElo "2287"]
[BlackElo "2032"]
[Annotator "TA"]
[PlyCount "120"]
[EventDate "2022.10.02"]
[EventType "team-tourn"]
[EventCountry "AZE"]
[SourceTitle "playchess.com"]
[Source "ChessBase"]
[SourceQuality "1"]
[WhiteTeam "Uzbekistan"]
[BlackTeam "Georgia"]
[WhiteTeamCountry "UZB"]
[BlackTeamCountry "GEO"]
[TimeControl "40/5400+30:1800+30"]

1. d4 Nf6 2. Nc3 d5 3. Bf4 c5 4. e4 Nxe4 5. Nxe4 dxe4 6. dxc5 {[%emt 0:00:08] D00: 1 d4 d5: Unusual lines.} Qa5+ 7. c3 Qxc5 8. Qa4+ {[%emt 0:00:09] The position is equal.} Nc6 9. Qxe4 g6 10. Nf3 Bg7 11. Qe3 Qxe3+ 12. Bxe3 O-O 13. O-O-O Be6 {[%emt 0:00:01] [#]} 14. a3 $146 ({Predecessor:} 14. Kb1 Rfd8 15. Be2 Bf5+ 16. Kc1 Rdc8 17. Nd4 Nxd4 18. Bxd4 Bh6+ 19. Be3 Bxe3+ 20. fxe3 {1-0 (59) Madaminov,M (2408)-Kuybokarov,T (2583) Abu Dhabi 2022}) 14... b6 15. Nd4 Nxd4 16. Bxd4 Rfd8 17. Be3 Rxd1+ 18. Kxd1 Bb3+ 19. Kc1 Rd8 {[%emt 0:00:53][%csl Gb3][%cal Rd8d1] [#]} 20. Be2 {[%emt 0:00:02] Inhibits Rd1+.} e5 21. Bd1 Bd5 22. Rg1 f5 23. Bc2 Bf6 24. g4 (24. g3 $11) 24... f4 $17 25. Bd2 Kf7 26. Re1 Re8 27. Be4 Bxe4 28. Rxe4 {[%emt 0:00:02][%mdl 4096] Endgame KRB-KRB} h5 29. h3 hxg4 30. hxg4 g5 (30... Rh8 $1 $15) 31. Kd1 Rh8 32. Ke2 Rh4 33. Kf3 Rh3+ 34. Ke2 Ke6 35. Ra4 (35. c4 $1 $11) 35... a5 $15 36. b4 Bd8 {[%emt 0:01:09] Strongly threatening ...b5.} 37. c4 Rb3 (37... axb4 $15 38. axb4 e4) 38. bxa5 $11 {[%emt 0:02:24] Black must now prevent a6.} f3+ 39. Kd1 bxa5 40. Kc2 {[%emt 0:02:15] Prevents Rb2+.} Rb7 {[%emt 0:00:01] ...Bb6 is the strong threat.} 41. Be3 e4 42. c5 Bf6 43. Rxe4+ Kd5 44. Ra4 Rb2+ 45. Kc1 Re2 {[%emt 0:00:00][%cal Oe2e3] aiming for ...Rxe3!} 46. Kd1 {[%emt 0:00:00] White wants to play c6.} (46. c6 $5 Kxc6 47. Rxa5 $16) 46... Ra2 (46... Be5 $1 $11 {keeps the balance.}) 47. Rxa5 $16 Kc4 $2 {[%emt 0:00:00][%mdl 8192] [#]} (47... Bc3 $16 48. Rb5 Rxa3) 48. c6 $1 $18 Ra1+ 49. Kc2 $2 ({Only move:} 49. Bc1 $18 {Intending c7 and mate.} Bd8 50. Ra7) 49... Ra2+ $11 50. Kb1 Ra1+ 51. Kc2 Ra2+ 52. Kd1 $2 (52. Kb1 $11 Rb2+ 53. Kc1) 52... Ra1+ $18 53. Bc1 {[%emt 0:00:00] Threatening mate with c7.} Bb2 54. Kc2 Rxc1+ 55. Kxb2 {[%emt 0:00:00] KR-KR} Re1 56. c7 Re2+ 57. Kc1 Re8 58. Rxg5 {[%emt 0:00:00] White wants to mate with Rf5.} Re1+ 59. Kd2 Re2+ 60. Kd1 Re8 {[%emt 0:00:01] Weighted Error Value: White=0.18 (very precise) /Black=0.12 (very precise)} 1-0

[Event "FIDE WY-U16 Olympiad 2022"]
[Site "Nakhchivan"]
[Date "2022.10.05"]
[Round "4.11"]
[White "Humbatova, Nazli"]
[Black "Nabil Nazar, Mohamed"]
[Result "0-1"]
[ECO "B40"]
[WhiteElo "1777"]
[BlackElo "1987"]
[Annotator "TA"]
[PlyCount "90"]
[EventDate "2022.10.02"]
[EventType "team-tourn"]
[EventCountry "AZE"]
[SourceTitle "playchess.com"]
[Source "ChessBase"]
[SourceQuality "1"]
[WhiteTeam "Azerbaijan"]
[BlackTeam "Sri Lanka"]
[WhiteTeamCountry "AZE"]
[BlackTeamCountry "SRI"]
[TimeControl "40/5400+30:1800+30"]

1. e4 c5 2. Nf3 e6 3. d4 cxd4 4. Nxd4 Nf6 5. Nc3 Nc6 6. Ndb5 Bb4 7. a3 Bxc3+ 8. Nxc3 d5 9. exd5 exd5 10. Bd3 O-O 11. O-O d4 12. Ne2 Bg4 13. f3 {[%emt 0:00:13] 13.Bg5 injects fresh life into this line.} Bh5 14. Bg5 Qd6 {[%emt 0:05:56] B45: Sicilian Four Knights.} 15. c4 (15. Bh4 $14) 15... Rad8 16. Nf4 Bg6 {[%emt 0:15:02] [#] White is slightly better.} 17. Bxg6 $146 ({Predecessor:} 17. Nxg6 hxg6 18. Re1 Rfe8 19. Qd2 Ne5 20. Bf4 Nh5 21. Bxe5 Rxe5 22. Rxe5 Qxe5 23. Re1 {1-0 (47) Csiba,D (2370)-Partys,P (2039) Banska Stiavnica 2012}) 17... hxg6 18. Nd3 $1 Rfe8 19. Bf4 Qe6 20. Qc2 Nh5 21. Bg5 f6 22. Bd2 {[%emt 0:00:10] Strongly threatening g4.} (22. Rae1 $5 Qf7 23. Bd2 $14) 22... Ne5 23. Rac1 Qf5 $36 {[%emt 0:04:05][%mdl 2048] Black is pushing.} 24. Nb4 (24. Nxe5 $1 $11 fxe5 25. Qb3) 24... d3 $17 25. Qb3 {[%emt 0:01:27] Loses the game.} (25. Qc3 $17) 25... Nf4 $19 26. Bxf4 Qxf4 27. c5+ Kh7 28. Kh1 {[%emt 0:00:18] [#]} d2 (28... Nxf3 $142 $1 29. g3 Re2 $1 30. Rc2 dxc2 31. Qxc2 Rxc2 32. Nxc2 Rd2 $1 33. Rxf3 Qxf3+ 34. Kg1 Qg2#) 29. Rcd1 Nc4 30. Nc2 Ne3 31. Nxe3 Rxe3 ({Stronger than} 31... Qxe3 32. Qxe3 Rxe3 33. Kg1 $17) 32. Qxb7 Qc4 33. Rg1 Qc2 {[%emt 0:07:59][%cal Oc2d1] ( -> ...Qxd1!)} 34. Qb4 (34. c6 {[#] leads to mate.} Qxd1 $3 35. Qb4 Qxg1+ $3 36. Kxg1 d1=Q+ 37. Kf2 Rd2+) 34... Rb3 35. Qa5 Rd5 36. Qa4 Rxb2 {[%emt 0:05:10][%mdl 64] Discovered Attack} 37. Qh4+ Kg8 38. Qg4 {[%emt 0:00:13] Hoping for Qe6+.} Qxc5 ({Wrong is} 38... Kf7 $2 39. Qc8 $19) 39. Qxg6 Qe3 {[%emt 0:00:18] Prevents Qe8+. Active counter play!} 40. Qg4 $2 (40. Qe4 Qxe4 41. fxe4) 40... Rc2 {[%emt 0:00:49] Threatens to win with ...Rc1.} 41. Qa4 (41. Qe4 $142 Qxe4 42. fxe4) 41... Rc1 42. h3 Rd4 43. Qa5 {[%emt 0:00:00] [#]} Qxg1+ $3 44. Kxg1 (44. Rxg1 Rxg1+) 44... Rxd1+ 45. Kh2 Re1 {[%emt 0:00:00] Weighted Error Value: White=0.86/Black=0.44} 0-1

[Event "FIDE WY-U16 Olympiad 2022"]
[Site "Nakhchivan"]
[Date "2022.10.05"]
[Round "4.12"]
[White "kiladze, Luka"]
[Black "Omonova, Umida"]
[Result "1/2-1/2"]
[ECO "D02"]
[WhiteElo "1894"]
[BlackElo "2078"]
[Annotator "TA"]
[PlyCount "162"]
[EventDate "2022.10.02"]
[EventType "team-tourn"]
[EventCountry "AZE"]
[SourceTitle "playchess.com"]
[Source "ChessBase"]
[SourceQuality "1"]
[WhiteTeam "Georgia"]
[BlackTeam "Uzbekistan"]
[WhiteTeamCountry "GEO"]
[BlackTeamCountry "UZB"]
[TimeControl "40/5400+30:1800+30"]

1. d4 d5 2. Nf3 Nf6 3. g3 Bf5 4. Bg2 c6 5. O-O e6 6. c4 Be7 7. Nc3 h6 8. Nd2 O-O 9. e4 dxe4 10. Ndxe4 Nbd7 11. Qe2 Nxe4 12. Nxe4 Nf6 {[%emt 0:02:36] D11: Slav Defence: 3 Nf3 sidelines and 3...Nf6 4 e3 Bg4.} 13. Rd1 Nxe4 14. Bxe4 Bxe4 15. Qxe4 Bf6 16. Be3 Qa5 {[%emt 0:06:34] [#]} 17. Rd2 $146 ({Predecessor:} 17. d5 exd5 18. cxd5 Rfe8 19. Qc4 Bxb2 20. Rab1 cxd5 21. Rxd5 Qc3 22. Qxc3 Bxc3 23. Rxb7 {1-0 (44) Seibicke,R (2158)-Braeuer,F (1993) Germany 2010}) 17... Rfd8 18. a3 (18. b3 $11) 18... Qa4 $15 19. Rc1 Rd7 20. Qc2 Qxc2 21. Rcxc2 Rad8 22. d5 $1 exd5 23. cxd5 Rxd5 24. Rxd5 Rxd5 ({Of course not} 24... cxd5 $6 25. Bxa7 d4 26. Rd2 $11) 25. Bxa7 {[%emt 0:01:57][%mdl 4096] Endgame KRB-KRB} Rd1+ 26. Kg2 Rb1 27. b4 Rb3 28. Re2 Rxa3 29. Re8+ Kh7 30. Bc5 Rd3 31. Rb8 Rd7 32. f4 Kg6 33. Kf3 Be7 (33... Bc3 $17 34. Re8 f5) 34. Bxe7 Rxe7 {[%emt 0:00:01] KR-KR} 35. g4 h5 36. h3 hxg4+ 37. hxg4 Kf6 38. Rd8 Ke6 {[%emt 0:01:24] Inhibits Rd6+.} 39. Ke4 Rd7 40. f5+ ({White should try} 40. Re8+ $15 Re7 41. Rd8) 40... Ke7 $17 41. Rh8 Rd5 ({Better is} 41... Rd8 $17 42. Rh7 Kf6) 42. g5 $1 $15 Rb5 (42... f6 $5 43. Rh7 Kf7 44. g6+ Kg8 $15) 43. Rh7 {[%emt 0:01:38] The position is equal.} Rxb4+ 44. Ke5 Rg4 45. f6+ $1 gxf6+ 46. gxf6+ Kf8 47. Rh8+ $1 Rg8 48. Rh1 {[%emt 0:01:31] [#] Threatening mate with Ra1.} Rg5+ 49. Kf4 Rg6 50. Rh8+ Rg8 51. Rh1 {[%emt 0:00:19] White threatens Ra1 and mate.} Ke8 {[%emt 0:06:54] [#] ...Kd7 is the strong threat.} 52. Re1+ Kd7 {[%emt 0:00:07] Threatens to win with ...Re8.} (52... Kd8 $5 53. Re7 $8 Rg2 $11) 53. Re7+ Kd6 54. Rxb7 Ke6 55. Rc7 Kxf6 56. Rxc6+ Kg7 57. Ra6 Rb8 58. Rc6 f6 59. Ra6 Kg6 60. Rc6 Rb4+ 61. Kf3 Kg5 62. Rc3 f5 63. Ra3 Rh4 {[%emt 0:00:11] ( -> ...Rh3+)} 64. Kg2 {[%emt 0:00:08] Against Rh3} Rh7 65. Kf2 Kg4 66. Ra4+ f4 67. Ra3 Rh2+ 68. Kf1 $1 Rc2 69. Rb3 Rd2 70. Ra3 Rb2 71. Rc3 Rb4 72. Ra3 Kf5 73. Kf2 Ke4 74. Kf1 f3 75. Ra8 Ke3 76. Re8+ Re4 77. Rxe4+ Kxe4 78. Kf2 Kf4 79. Kf1 Ke3 (79... Kg3 $5 80. Kg1 $8 Kh4 $11) 80. Ke1 f2+ 81. Kf1 Kf3 {[%emt 0:00:02] Weighted Error Value: White=0.08 (flawless) /Black=0.07 (flawless)} 1/2-1/2

[Event "FIDE WY-U16 Olympiad 2022"]
[Site "Nakhchivan"]
[Date "2022.10.05"]
[Round "4.12"]
[White "Wickramasinghe, Minethma Lasandi"]
[Black "Abbasova, Zarifa"]
[Result "1-0"]
[ECO "B10"]
[WhiteElo "1574"]
[BlackElo "1480"]
[Annotator "NA RC COMBH"]
[PlyCount "95"]
[EventDate "2022.10.02"]
[EventType "team-tourn"]
[EventCountry "AZE"]
[SourceTitle "playchess.com"]
[Source "ChessBase"]
[SourceQuality "1"]
[WhiteTeam "Sri Lanka"]
[BlackTeam "Azerbaijan"]
[WhiteTeamCountry "SRI"]
[BlackTeamCountry "AZE"]
[TimeControl "40/5400+30:1800+30"]

1. e4 c6 2. Nf3 d5 3. Nc3 dxe4 4. Nxe4 Nf6 5. Ng3 Bg4 6. Bc4 e6 7. c3 Bd6 8. d4 Nbd7 9. O-O O-O 10. h3 Bxf3 11. Qxf3 e5 12. Nf5 e4 13. Qe3 Nb6 14. Qg5 g6 15. Bb3 Nh5 16. Qg4 Kh8 17. Bg5 Qd7 18. Nxd6 f5 19. Qh4 Qxd6 20. Be7 Qc7 21. Bxf8 Rxf8 22. c4 Nf4 23. Rad1 a6 24. Rfe1 g5 25. Qg3 Qe7 26. Qc3 Rf6 27. d5 c5 28. d6 Qd8 29. d7 Kg7 30. Rd6 Nxd7 31. Ba4 b5 32. cxb5 Kg6 33. Rxf6+ Nxf6 34. bxa6 Qb6 35. Bb3 Nd3 36. Rf1 Qxa6 37. Bc4 Qd6 38. Rd1 Nh5 39. Bxd3 exd3 40. Qxd3 Qxd3 41. Rxd3 Nf4 42. Rd6+ Kf7 43. a4 Ke7 44. Rd2 Ne6 45. Rd5 f4 46. a5 c4 47. a6 Nc7 48. a7 1-0

[Event "FIDE WY-U16 Olympiad 2022"]
[Site "Nakhchivan"]
[Date "2022.10.05"]
[Round "4.13"]
[White "Daneshvar, Bardiya"]
[Black "Azadaliyev, Jahandar"]
[Result "1-0"]
[ECO "A05"]
[WhiteElo "2515"]
[BlackElo "2304"]
[Annotator "TA"]
[PlyCount "73"]
[EventDate "2022.10.02"]
[EventType "team-tourn"]
[EventCountry "AZE"]
[SourceTitle "playchess.com"]
[Source "ChessBase"]
[SourceQuality "1"]
[WhiteTeam "Iran"]
[BlackTeam "Azerbaijan"]
[WhiteTeamCountry "IRI"]
[BlackTeamCountry "AZE"]
[TimeControl "40/5400+30:1800+30"]

1. Nf3 Nf6 2. g3 d5 3. Bg2 e6 4. O-O c5 5. c4 Nc6 6. cxd5 Nxd5 7. d4 $1 {[%emt 0:02:33] 7.d4 scores better than 7.Nc3.} cxd4 8. Nxd4 Bd7 9. Nb5 {[%emt 0:09:30][%cal Bd4b5,Bb5c3,Bc3e4,Be4g5][%mdl 32] E01: Catalan: Early deviations.} a6 10. N5c3 Nf6 11. Nd2 {[%emt 0:03:28] White is slightly better.} Be7 12. Nc4 {[%emt 0:02:25] [#]} O-O $146 {[%emt 0:04:48] [#]} ({Predecessor:} 12... Na5 13. Ne5 O-O 14. Be3 Rc8 15. Rc1 h6 16. Qd2 Nc6 17. Nxd7 Nxd7 18. Rfd1 Nde5 {1-0 (73) Grube,A (2104)-Schope,H (2107) GER email 2012}) 13. Be3 $1 Bb4 ({Black should play} 13... b5 $14 14. Nb6 Ra7) 14. Nb6 $16 Rb8 15. Ne4 {[%emt 0:02:58] Hoping for Nxf6+.} Nd5 16. Nxd5 exd5 17. Qxd5 Bg4 18. Qc4 $36 {[%emt 0:02:28][%mdl 2048] White is really pushing. White is much more active. The black rooks are badly placed.} Rc8 $2 (18... Be6 $16 {is a better defense.} 19. Qc2 h6) 19. Ng5 $18 Bh5 20. Qh4 h6 21. Qxh5 hxg5 22. Bxg5 {[%emt 0:01:34] This bishop pair is nice.} ({Don't play} 22. Qxg5 Qxg5 23. Bxg5 Rfe8 $18) 22... Qd4 {[%emt 0:01:01] Against Be4} 23. a3 g6 24. Qf3 Be7 25. Bxe7 Nxe7 26. Qxb7 Qe5 27. Qxa6 Rc2 28. b4 Rxe2 29. Bf3 Rb2 30. Rae1 Qf5 31. Be4 ({Less strong is} 31. Rxe7 Qxf3 32. Re3 Qf5 $18) 31... Qd7 32. Qf6 Rd2 33. Bf3 Re8 (33... Qf5 $142 34. Qxe7 Qxf3) 34. Rd1 Rxd1 35. Rxd1 Qa7 36. Re1 {[%emt 0:00:47] [#] White threatens Bd5 and mate.} Qxa3 37. Bd5 {[%emt 0:00:12] Black did not feel at home in the position after the opening.  Weighted Error Value: White=0.10 (very precise) /Black=0.55} 1-0

[Event "FIDE WY-U16 Olympiad 2022"]
[Site "Nakhchivan"]
[Date "2022.10.05"]
[Round "4.13"]
[White "Montes Orozco, Miguel Angel"]
[Black "Isfandiyarli, Kamal"]
[Result "1/2-1/2"]
[ECO "D43"]
[WhiteElo "2051"]
[BlackElo "1585"]
[Annotator "TA"]
[PlyCount "143"]
[EventDate "2022.10.02"]
[EventType "team-tourn"]
[EventCountry "AZE"]
[SourceTitle "playchess.com"]
[Source "ChessBase"]
[SourceQuality "1"]
[WhiteTeam "Mexico"]
[BlackTeam "Azerbaijan"]
[WhiteTeamCountry "MEX"]
[BlackTeamCountry "AZE"]
[TimeControl "40/5400+30:1800+30"]

1. d4 Nf6 2. c4 e6 3. Nf3 d5 4. Nc3 c6 5. cxd5 exd5 6. Bg5 Be7 7. e3 O-O 8. Bd3 Nbd7 9. O-O Re8 10. Qc2 Nf8 11. Ne5 Ng4 12. Bxe7 Qxe7 13. Nxg4 Bxg4 14. Rab1 Qg5 {[%emt 0:07:33] D36: Queen's Gambit Declined: Exchange Variation: Main line (5 Bg5 c6 6 Qc2).} 15. f4 Qf6 (15... Qh6) (15... Qh6 $5 ) 16. Rbe1 Rad8 {[%emt 0:06:16] [#]} (16... Qd6) (16... Qd6 $11) 17. f5 $1 $16 Qg5 (17... Qh4 $142) 18. Qf2 {[%emt 0:01:44] [#]} ({Resist} 18. e4 $6 h5 $16) 18... Bh5 $146 ({Predecessor:} 18... h5 19. e4 h4 20. e5 f6 21. Qf4 h3 22. Qxg5 fxg5 23. b4 g6 24. gxh3 Bxh3 25. Rf3 Bxf5 26. Bxf5 gxf5 27. Rxf5 {0-1 (43) Hajiyev,S (2008)-Gur,E (1996) Konya 2017}) 19. f6 $2 (19. e4 $16) 19... Qxf6 $11 20. Qxf6 gxf6 21. Rxf6 Bg6 22. Bxg6 hxg6 23. h4 Kg7 24. Rf3 Rd6 25. Ref1 Re7 26. g4 Nh7 27. g5 f6 28. Rg3 fxg5 29. hxg5 Rdd7 30. Ne2 Rf7 31. Nf4 Rde7 32. b4 a6 33. a4 Re4 34. b5 axb5 35. axb5 Nf8 36. bxc6 bxc6 37. Rc1 Ne6 38. Nd3 Rf5 39. Rxc6 {[%emt 0:00:30] [#] Strongly threatening Nf2.} Rxg5 40. Rxg5 Nxg5 {[%emt 0:00:03][%mdl 4096] Endgame KRN-KRN} 41. Nf4 Nf3+ 42. Kf2 Nxd4 43. Rxg6+ Kf7 {[%emt 0:00:08][%cal Oe4f4] aiming for ...Rxf4+!} 44. Ra6 ({Don't play} 44. Nxd5 Kxg6 45. Nc3 Rh4 46. exd4 Rxd4 $15) 44... Nc2 45. Nxd5 Re5 46. Rf6+ Kg7 47. Rd6 Nxe3 48. Nxe3 {[%emt 0:00:00] KRN-KR. White is better.} Ra5 49. Kf3 Ra4 50. Ng2 Kf7 51. Rb6 Ke7 52. Nf4 Kd7 53. Kg4 Re4 54. Kf5 Re1 55. Rh6 Kc7 56. Nd3 Re2 57. Nc5 Re1 58. Ne4 Ra1 59. Ke5 Ra5+ 60. Kd4 Ra1 61. Nc3 Rg1 62. Kc5 Kd7 63. Rd6+ Ke7 64. Nd5+ Kf7 65. Rf6+ Kg7 66. Rf2 Kg6 67. Nf4+ Kg7 68. Ne6+ Kg6 69. Kd6 Ra1 70. Nf8+ Kg5 71. Ke7 Kg4 72. Ne6 {[%emt 0:00:00] Weighted Error Value: White=0.08 (flawless) /Black=0.10 (very precise)} 1/2-1/2

[Event "FIDE WY-U16 Olympiad 2022"]
[Site "Nakhchivan"]
[Date "2022.10.05"]
[Round "4.14"]
[White "Aslanov, Umid"]
[Black "Ashraf, Artin"]
[Result "1/2-1/2"]
[ECO "B15"]
[WhiteElo "2273"]
[BlackElo "2379"]
[Annotator "TA"]
[PlyCount "147"]
[EventDate "2022.10.02"]
[EventType "team-tourn"]
[EventCountry "AZE"]
[SourceTitle "playchess.com"]
[Source "ChessBase"]
[SourceQuality "1"]
[WhiteTeam "Azerbaijan"]
[BlackTeam "Iran"]
[WhiteTeamCountry "AZE"]
[BlackTeamCountry "IRI"]
[TimeControl "40/5400+30:1800+30"]

1. e4 c6 2. d4 d5 3. Nd2 dxe4 4. Nxe4 Nf6 5. Nxf6+ exf6 6. c3 Bd6 7. Bd3 O-O 8. Qc2 {[%emt 0:00:45] Active counter play!} Re8+ {[%emt 0:00:01] B15: Caro-Kann: 3 Nc3: 3...g6 and 3...dxe4 4 Nxe4 Nf6 5 Nxf6+ exf6.} 9. Ne2 h5 10. O-O h4 {[%emt 0:00:05] White has an edge.} 11. h3 Nd7 12. Be3 Nf8 13. Rad1 Bd7 14. Rfe1 Qc8 15. Nf4 Qc7 16. Qd2 (16. Nh5 {is interesting.} Qa5 17. d5 Re5 18. dxc6 Bxc6 19. b4) 16... Rad8 17. c4 Qc8 {[%emt 0:00:01] [#]} 18. a3 $146 ({Predecessor:} 18. d5 c5 19. a3 Re5 20. Bf1 Rde8 21. Nd3 Re4 22. f3 R4e7 23. Bf2 Ng6 24. Rxe7 Bxe7 {1-0 (43) Doshi,M (2332)-Stankovic,M (2432) Paracin 2021}) 18... Bf5 19. Bf1 Bb8 20. Ne2 Ng6 (20... Qc7 21. Bf4 Qc8 22. d5 $11) 21. f4 Qc7 22. d5 {[%emt 0:03:17] [#]} Bc2 $1 23. Rc1 Be4 24. Nc3 f5 25. Nxe4 fxe4 26. Rcd1 Nxf4 27. Bxf4 Qxf4 28. Qxf4 Bxf4 29. dxc6 {[%emt 0:00:07][%cal Oe1e4] [#]} Be3+ $1 30. Rxe3 (30. Kh2 $17 {was called for.} Rxd1 31. Rxd1 bxc6 32. b4) (30. Kh1 Rxd1) 30... Rxd1 $19 31. cxb7 $17 {[%emt 0:00:05][%mdl 4096] Endgame Threatens to win with c5. KRR-KRB} Rb8 $1 32. Rxe4 Rxb7 33. b4 Ra1 (33... Rb6 $19 34. Rf4 Ra6) 34. Rxh4 Rxa3 35. c5 Rc3 36. Rd4 g6 37. Kf2 Rc2+ (37... Kg7 $17 38. Bd3 a5 39. bxa5 Rbb3) 38. Kf3 $15 Re7 39. Rc4 Rxc4 40. Bxc4 $17 {[%emt 0:00:03] KR-KB} Kg7 (40... Re1 $1 $17) 41. b5 (41. c6 $15 {might be stronger.}) 41... Kf6 (41... f5 $1 $17) 42. h4 Ke5 {[%emt 0:00:59] White must now prevent ...Kd4.} 43. Ke3 f6 44. g3 (44. c6 $15) 44... Rd7 ({Better is} 44... f5 $1 $17) 45. c6 $15 Re7 46. Bd3 f5 47. Be2 (47. Kf2 $15) 47... Kd6+ $17 48. Kf2 Kc5 (48... Re5 $1 $17 49. Kf3 Re4) 49. Bd3 $15 Kd4 50. Bf1 Re3 51. Be2 $1 Rb3 52. Bc4 Rc3 $17 (52... Kxc4 $2 53. c7 $18) 53. Bf7 (53. Be2 $17) 53... Kc5 $2 (53... Rc2+ $19 54. Kf3 Ke5 55. Bxg6 Rc5) 54. Bxg6 $15 {[%emt 0:00:38] And now h5 would win.} Kxb5 55. h5 Kxc6 56. h6 {[%emt 0:00:47] Strongly threatening h7.} Kd6 $1 57. h7 ({White has to play} 57. Bxf5 $15 Rb3 58. Ke2) 57... Rc8 $17 58. Bxf5 Rb8 (58... Rd8 $1 $17 59. Ke3 Ke5) 59. Bc2 (59. Ke3 $15) 59... Ke5 60. Ke3 {[%emt 0:00:33] [#]} Kf6 (60... Rd8 $1 $17 {aiming for ...a5.} 61. Bd3 Kf6) 61. Kd4 {[%emt 0:00:23] [#]} (61. Kd2 $1 $15) 61... Kg7 (61... Rc8 $1 $17 {...Kg7 is the strong threat.} 62. g4 Kg7) 62. Kc3 $1 $15 Kh8 63. g4 Rb5 64. Kc4 Rb7 65. g5 Kg7 ({But not} 65... Rc7+ $2 66. Kb3 $17) 66. Kc3 Rb5 67. g6 Rg5 68. Kb4 Rg2 69. Bd3 Rxg6 70. Bxg6 {[%emt 0:00:13] The position is equal.} a5+ 71. Kxa5 Kh8 72. Kb5 $1 Kg7 73. h8=Q+ Kxh8 74. Kc5 {Weighted Error Value: White=0.18 (very precise) /Black=0.18 (very precise)} 1/2-1/2

[Event "FIDE WY-U16 Olympiad 2022"]
[Site "Nakhchivan"]
[Date "2022.10.05"]
[Round "4.14"]
[White "Rzayev, Murad"]
[Black "Galaviz Medina, Atlas Adomaitis"]
[Result "0-1"]
[ECO "E98"]
[WhiteElo "1699"]
[BlackElo "2131"]
[Annotator "TA"]
[PlyCount "70"]
[EventDate "2022.10.02"]
[EventType "team-tourn"]
[EventCountry "AZE"]
[SourceTitle "playchess.com"]
[Source "ChessBase"]
[SourceQuality "1"]
[WhiteTeam "Azerbaijan"]
[BlackTeam "Mexico"]
[WhiteTeamCountry "AZE"]
[BlackTeamCountry "MEX"]
[TimeControl "40/5400+30:1800+30"]

1. d4 Nf6 2. c4 g6 3. Nc3 Bg7 4. e4 d6 5. Nf3 O-O 6. Be2 e5 7. O-O Nc6 8. d5 Ne7 9. Ne1 Ne8 10. Be3 f5 11. f3 f4 12. Bf2 g5 {[%emt 0:00:09] 12...h5 is not played anymore.} 13. Nd3 Rf6 {[%emt 0:02:47] E98: King's Indian: Classical Main Line: 9 Ne1.} 14. Rc1 Rg6 15. c5 h5 {[%emt 0:00:29] White is slightly better.} 16. cxd6 cxd6 17. a4 {[%emt 0:03:21] [#]} ({White should play} 17. Kh1 $14) 17... Bh6 $146 ({Predecessor:} 17... g4 18. Qe1 Bd7 19. Nb5 Bh6 20. Rc3 a6 21. Na3 Bxa4 22. Nc4 Nc8 23. b4 g3 24. hxg3 fxg3 25. Bxg3 {0-1 (40) Sjol,H-Gilbert,J (2148) Gausdal 2005}) 18. Rc2 (18. Qb3 {with more complications.} g4 19. Nxe5 dxe5 20. d6+) 18... g4 19. Qe1 Rg7 20. Nb5 Ng6 21. Kh1 ({Reject} 21. Nxa7 g3 22. Rxc8 (22. hxg3 fxg3 23. Bxg3 Rxa7 $19) 22... gxf2+ 23. Qxf2 Rxc8 24. Nxc8 Qxc8 $17) ({Better is} 21. b3 $11) 21... g3 ({Black should try} 21... a6 $1 $15 22. Na3 Bd7) 22. hxg3 $11 fxg3 23. Bxg3 h4 $1 24. Bh2 Nf6 $1 $40 {[%emt 0:00:40][%mdl 128] White must now prevent ...a6. White needs to defend precisely.} 25. g4 $2 {[%emt 0:27:03] [#]} (25. f4 $1 $11 Nxe4 26. fxe5 Ng3+ 27. Bxg3 hxg3 28. Qxg3 Nxe5 29. Qf2) 25... hxg3 $1 $17 26. Bxg3 (26. Qxg3 $17 {is a better defense.} Be3 27. f4 (27. Rc7 $2 Bd7 $19) 27... Bxf4 28. Nxf4 Nxf4 29. Qe3) 26... a6 $19 27. Nc7 (27. Nc3 $142) 27... Rxc7 28. Rxc7 Qxc7 29. Rg1 $2 (29. Rf2 {was necessary.}) 29... Qh7 {[%emt 0:01:43] [#] ...Bd2+ is the strong threat.} 30. Bh2 Kf7 31. f4 Bxf4 32. Nxf4 Nxf4 33. Bf3 Bd7 {[%emt 0:00:29] ( -> ...Rh8)} 34. Qd2 Rh8 35. Rc1 Nxe4 {[%emt 0:00:38] Weighted Error Value: White=1.35/Black=0.22 (precise)} 0-1